 Dungeon Crawl Stone Soup version 0.29-a0-923-g6e406bff71 (webtiles) character file.

Game seed: 15611358192525903870

38527 enile the Fighter (level 14, -13/118 HPs)
             Began as a Formicid Fighter on July 28, 2022.
             Was a Believer of Cheibriados.
             Mangled by a stone giant (28 damage)
             ... on level 15 of the Dungeon.
             The game lasted 00:36:34 (16075 turns).

enile the Fighter (Formicid Fighter)               Turns: 16075, Time: 00:36:35

Health: -13/118    AC: 26    Str: 33    XL:     14   Next: 34%
Magic:  24/26      EV: 13    Int: 14    God:    Cheibriados [**....]
Gold:   485        SH: 15    Dex: 16    Spells: 29/29 levels left

rFire   . . .      SeeInvis +   v - +5 spear "Xocsadas" {vorpal, Str+2}
rCold   . . .      Faith    .   m - +0 tower shield
rNeg    . . .      Spirit   .   C - +3 plate armour {rF+}
rPois   .          Reflect  .   (helmet unavailable)
rElec   +          Harm     .   H - +2 cloak
rCorr   .          Rampage  .   B - +2 pair of gloves
Will    +....      Clarity  +   k - +2 pair of boots
Stlth   ..........              A - amulet of the acrobat
HPRegen 0.29/turn               I - +4 ring of evasion
MPRegen 0.20/turn               j - ring of flight

@: flying, fire susceptible, very slow
A: permanent stasis, dig shafts and tunnels, antennae 3, four strong arms,
clarity, electricity resistance, strong 1, MP-powered wands
a: Dig, Shaft Self, Renounce Religion, Bend Time


You were on level 15 of the Dungeon.
You worshipped Cheibriados.
Cheibriados was pleased with you.
You visited 2 branches of the dungeon, and saw 15 of its levels.
You also visited: Gauntlet.

You collected 845 gold pieces.
You spent 360 gold pieces at shops.

Inventory:

Hand Weapons
 a - a +0 war axe
 d - a +0 halberd
 s - a +0 arbalest
 v - the +5 spear "Xocsadas" (weapon) {vorpal, Str+2}
   (You found it on level 6 of the Dungeon)

   It inflicts extra damage upon your enemies.
   Str:       It affects your strength (+2).
 E - a +1 broad axe
Missiles
 i - 6 boomerangs
 F - 30 poisoned darts (quivered)
Armour
 b - a +0 scale mail
 c - a +0 buckler
 h - a +1 troll leather armour {Snorg}
 k - a +2 pair of boots (worn)
 m - a +0 tower shield (worn)
 r - a +2 robe of willpower
 z - a +0 plate armour
 B - a +2 pair of gloves (worn)
 C - a +3 plate armour of fire resistance (worn)
 H - a +2 cloak (worn)
Jewellery
 e - the amulet "Rodd" {Faith rElec rC- rN+++ Int-2}
   (You found it in a Gauntlet)

   [amulet of faith]

   It allows you to gain divine favour quickly.
   Int:       It affects your intelligence (-2).
   rC:        It makes you vulnerable to cold.
   rElec:     It insulates you from electricity.
   rN:        It renders you almost immune to negative energy.
 j - a ring of flight (right hand)
 p - a ring of ice
 q - an amulet of magic regeneration
 A - an amulet of the acrobat (around neck)
 I - a +4 ring of evasion (left hand)
Wands
 L - a wand of digging (2)
Scrolls
 l - 4 scrolls of noise
 n - a scroll of acquirement
 y - a scroll of silence
 D - a scroll of amnesia
 G - a scroll of enchant weapon
 J - 2 scrolls of identify
Potions
 f - 4 potions of flight
 g - 4 potions of berserk rage
 o - a potion of degeneration
 u - 4 potions of brilliance
 K - 2 potions of mutation
 M - 2 potions of curing


   Skills:
 - Level 13.5 Fighting
 - Level 2.0 Axes
 - Level 6.0 Throwing
 - Level 8.0 Armour
 - Level 6.8 Dodging
 - Level 4.9 Stealth
 - Level 7.0 Shields
 + Level 8.3 Spellcasting
 - Level 7.0 Fire Magic
 - Level 9.0 Invocations
 - Level 7.0 Evocations


You had 29 spell levels left.
You didn't know any spells.
Your spell library contained the following spells:

 Spells                   Type           Power      Damage    Failure   Level
 Scorch                   Fire           50%        2d8       36%         2
 Foxfire                  Conj/Fire      60%        2x1d7     71%         1
 Conjure Flame            Conj/Fire      15%        6-21      97%         3
 Inner Flame              Hex/Fire       15%        N/A       97%         3
 Magic Dart               Conj           20%        1d4       99%         1
 Slow                     Hex            20%        N/A       99%         1
 Searing Ray              Conj           10%        2d4       100%        2
 Call Canine Familiar     Summ           5%         N/A       100%        3
 Confusing Touch          Hex            5%         N/A       100%        3
 Portal Projectile        Hex/Tloc       10%        N/A       100%        3
 Vampiric Draining        Necr           5%         2d6       100%        3
 Airstrike                Air            2%         0-2+      100%        4
 Flame Wave               Conj/Fire      15%        2d7       100%        4
 Fulminant Prism          Conj/Hex       2%         3d6       100%        4
 Leda's Liquefaction      Hex/Erth       2%         N/A       100%        4
 Summon Lightning Spire   Summ/Air       5%         N/A       100%        4
 Fireball                 Conj/Fire      7%         3d5       100%        5
 Lightning Bolt           Conj/Air       2%         1d14      100%        5
 Dispersal                Tloc           2%         N/A       100%        6
 Starburst                Conj/Fire      7%         6d4       100%        6
 Summon Cactus Giant      Summ           2%         N/A       100%        6
 Disjunction              Tloc           2%         N/A       100%        8
 Ignition                 Fire           12%        3d6       100%        8


Dungeon Overview and Level Annotations

Branches:
Dungeon (15/15)            Temple (1/1) D:7            Lair (0/5) D:11
    Orc (0/2) D:10         Depths (0/4) D:15        Gauntlet (visited)
 Vaults: D:13-14

Altars:
Cheibriados
Dithmenos
Elyvilon
Fedhas
Hepliaklqana
Kikubaaqudgha
Makhleb
Nemelex Xobeh
Okawaru
Qazlal
Ru
Sif Muna
Trog
Uskayaw
Vehumet
Wu Jian
Xom
Yredelemnul
Zin
The Shining One
Ignis

Shops:
D:6 :   D:12 !

Annotations:
D:11 3 runed translucent doors, exclusion: 2 oklob plants, MisterPants's ghost, journeyman MiFi


Innate Abilities, Weirdness & Mutations

You cannot be hasted, slowed, berserked, paralysed or teleported.
You can dig through walls and to a lower floor.
You have a pair of large antennae on your head. (SInv)
Your four strong arms can wield two-handed weapons with a shield.
You possess an exceptional clarity of mind.
You are resistant to electric shocks. (rElec)
Your muscles are strong. (Str +4, Int/Dex -1)
You expend magic power (3 MP) to strengthen your wands.


Message History

The flow of time bends around you.
Cheibriados rebukes the stone giant.
The stone giant seems to slow down.
The stone giant hits you but does no damage.
You completely miss the stone giant.
The stone giant is heavily wounded.
The stone giant hits you.
You hit the stone giant but do no damage.
The stone giant is heavily wounded.
The stone giant hits you but does no damage.
You hit the stone giant.
The stone giant is heavily wounded.
The stone giant hits you!!
You hit the stone giant.
The stone giant is severely wounded.
You block the stone giant's attack.
You hit the stone giant but do no damage.
The stone giant is severely wounded.
The stone giant is no longer moving slowly.
Okay, then.
Okay, then.
Okay, then.
You hit the stone giant.
The stone giant is severely wounded.
The stone giant closely misses you. The stone giant hits you!!
* * * LOW HITPOINT WARNING * * *
Okay, then.
Okay, then.
Okay, then.
Okay, then.
You puncture the stone giant!
The stone giant is almost dead.
You block the stone giant's attack.
You hit the stone giant but do no damage.
The stone giant is almost dead.
The stone giant barely misses you.
You hit the stone giant but do no damage.
The stone giant is almost dead.
The stone giant hits you!!
You die...

#.........#
#####.....#
#.....# #...<.####
#####..........
#..............
#..............
#..............
####.....@C......§
#..........§..§..≈
########..§§§§.§≈
#.§§#§.≈≈≈
##.§≈≈§≈.≈≈≈
#..≈§§≈...§≈
#...#§≈.>.≈§
#..≈≈§§.§.≈≈
#...§≈§≈≈≈§§


You could see a stone giant.

Vanquished Creatures
  A minotaur (Gauntlet)
  Snorg (D:12)
  A hydra (D:11)
  A boulder beetle (D:14)
  Fannar (D:10)
  A two-headed ogre (D:12)
  2 centaur warriors (D:15)
  A tengu warrior (D:11)
  2 sixfirhies (Gauntlet)
  2 deep elf pyromancers
  4 ugly things
  5 cyclopes
  2 manticores (D:12)
  A kobold demonologist (D:11)
  A tengu conjurer (D:11)
  An unseen horror (D:8)
  3 yaktaurs (D:15)
  2 ice devils (Gauntlet)
  A meliai (D:12)
  Grinder (D:6)
  3 hornets
  2 shadows
  A vampire (D:10)
  A wyvern (D:10)
  Eustachio (D:3)
  20 yaks
  12 fire elementals
  A steam dragon (D:6)
  5 vampire mosquitoes (D:12)
  Grum (D:10)
  3 swamp worms (Gauntlet)
  Edmund (D:5)
  2 acid dragons (D:11)
  2 water moccasins
  An orc warrior (D:9)
  3 ice beasts
  3 sky beasts
  A black bear (D:5)
  10 centaurs
  2 wolves (D:10)
  A phantom (D:7)
  2 kobold brigands
  5 bullfrogs
  2 necrophages
  A gnoll sergeant (D:9)
  5 scorpions
  4 wights (D:7)
  13 killer bees
  A howler monkey (D:5)
  3 hounds
  4 jellies
  4 orc priests
  3 gnoll boudas
  4 iguanas
  7 orc wizards
  15 gnolls
  4 adders
  A white imp (D:7)
  2 ufetubi
  2 worms
  3 dart slugs
  23 orcs
  3 ball pythons
  A bat (D:2)
  6 endoplasms
  7 giant cockroaches
  8 hobgoblins
  15 kobolds
  5 quokkas
  A frilled lizard (D:1)
  4 goblins
  5 rats
273 creatures vanquished.

Vanquished Creatures (collateral kills)
  An ogre (D:4)
  A gnoll (D:4)
2 creatures vanquished.

Vanquished Creatures (others)
  A wizard (D:15)
  14 demonic plants (Gauntlet)
  17 foxfires (D:7)
  6 fungi
  A plant (D:1)
39 creatures vanquished.

Grand Total: 314 creatures vanquished

Notes
Turn   | Place    | Note
-------+----------+-------------------------------------------
     0 | D:1      | enile the Formicid Fighter began the quest for the Orb.
     0 | D:1      | Reached XP level 1. HP: 18/18 MP: 1/1
   290 | D:1      | Reached XP level 2. HP: 25/25 MP: 2/2
   393 | D:1      | Found a faded altar of an unknown god.
   395 | D:1      | Reached skill level 4 in Fighting
   419 | D:1      | Prayed at the altar of an unknown god.
   419 | D:1      | Became a worshipper of Ignis, the Dying Flame
   544 | D:1      | Reached XP level 3. HP: 30/31 MP: 3/3
  1565 | D:3      | Reached skill level 5 in Fighting
  1612 | D:3      | Reached XP level 4. HP: 39/39 MP: 4/4
  1645 | D:3      | Reached skill level 1 in Stealth
  1814 | D:3      | Found a shimmering blue altar of Sif Muna.
  2213 | D:4      | Noticed Eustachio
  2465 | D:3      | Killed Eustachio
  2466 | D:3      | Reached XP level 5. HP: 36/44 MP: 5/5
  2466 | D:3      | Reached XP level 6. HP: 42/51 MP: 6/6
  2562 | D:4      | Noticed an ogre
  2570 | D:4      | Killed an ogre
  2571 | D:4      | Reached skill level 6 in Fighting
  2637 | D:4      | Reached skill level 1 in Evocations
  2638 | D:4      | Reached XP level 7. HP: 24/58 MP: 7/7
  3377 | D:4      | Identified a scroll of acquirement
  3435 | D:5      | Entered Level 5 of the Dungeon
  3590 | D:5      | Noticed Edmund
  3599 | D:5      | Killed Edmund
  3600 | D:5      | Reached skill level 5 in Evocations
  3605 | D:5      | Reached XP level 8. HP: 46/65 MP: 8/8
  3838 | D:5      | Reached skill level 7 in Fighting
  4131 | D:5      | Reached skill level 8 in Fighting
  4285 | D:5      | Reached skill level 5 in Shields
  4821 | D:6      | Found a sparkling altar of Nemelex Xobeh.
  4856 | D:6      | Reached skill level 1 in Throwing
  4856 | D:6      | Reached XP level 9. HP: 21/74 MP: 9/9
  4861 | D:6      | Identified the +5 spear "Xocsadas" {vorpal, Str+2}
  5101 | D:6      | Noticed Grinder
  5115 | D:6      | Killed Grinder
  5190 | D:6      | Found Irphebul's Book Shoppe.
  5198 | D:6      | Bought a book of Scorching for 360 gold pieces
  5322 | D:6      | Reached skill level 5 in Armour
  5322 | D:6      | Reached skill level 1 in Spellcasting
  5956 | D:7      | Noticed a hornet
  5966 | D:7      | Killed a hornet
  6043 | D:7      | Reached skill level 5 in Spellcasting
  6106 | D:7      | Reached skill level 1 in Fire Magic
  6330 | D:7      | Reached XP level 10. HP: 80/80 MP: 17/17
  6587 | D:7      | Found a staircase to the Ecumenical Temple.
  6734 | D:7      | Reached skill level 5 in Fire Magic
  6876 | D:8      | Reached skill level 9 in Fighting
  7098 | D:8      | Noticed an unseen horror
  7107 | D:8      | Killed an unseen horror
  7488 | D:8      | Reached skill level 10 in Fighting
  7596 | D:8      | Found a blossoming altar of Fedhas.
  7655 | D:8      | Found a glowing silver altar of Zin.
  7656 | D:8      | Found an ornate altar of the Wu Jian Council.
  8136 | D:9      | Found a stormy altar of Qazlal.
  8236 | D:9      | Found a hazy altar of Hepliaklqana.
  8335 | D:9      | Reached skill level 11 in Fighting
  8356 | D:9      | Reached XP level 11. HP: 55/93 MP: 18/18
  8557 | D:10     | Entered Level 10 of the Dungeon
  9097 | D:10     | Noticed Fannar
  9107 | D:10     | Killed Fannar
  9141 | D:10     | Noticed Grum
  9148 | D:10     | Killed Grum
  9160 | D:10     | Found a staircase to the Orcish Mines.
  9221 | D:10     | You fall into a shaft and drop 1 floor!
  9241 | D:11     | Found a gate leading to a gauntlet.
  9245 | D:11     | Noticed a sixfirhy
  9319 | Gauntlet | Entered a Gauntlet
  9319 | Gauntlet | Noticed a large abomination
  9319 | Gauntlet | Found a transporter.
  9319 | Gauntlet | Found a transporter.
  9319 | Gauntlet | Found a runed translucent gate.
  9362 | Gauntlet | Found a transporter.
  9363 | Gauntlet | Found a runed translucent gate.
  9363 | Gauntlet | Found a runed translucent gate.
  9374 | Gauntlet | Found a transporter.
  9387 | Gauntlet | Noticed a sixfirhy
  9388 | Gauntlet | Noticed a sixfirhy
  9389 | Gauntlet | Noticed a sixfirhy
  9391 | Gauntlet | Found a transporter.
  9391 | Gauntlet | Found a transporter.
  9391 | Gauntlet | Noticed a sixfirhy
  9393 | Gauntlet | Found a transporter.
  9393 | Gauntlet | Found a transporter.
  9394 | Gauntlet | Found a transporter.
  9405 | Gauntlet | Found a transporter.
  9421 | Gauntlet | Found a transporter.
  9423 | Gauntlet | Noticed a blizzard demon
  9428 | Gauntlet | Noticed a catoblepas
  9429 | Gauntlet | Found a runed translucent door.
  9431 | Gauntlet | Found a transporter.
  9433 | Gauntlet | Found a runed translucent door.
  9448 | Gauntlet | Found a transporter.
  9468 | Gauntlet | Found a transporter.
  9766 | Gauntlet | Killed a sixfirhy
  9771 | Gauntlet | Killed a sixfirhy
 10042 | Gauntlet | Gained mutation: Your muscles are strong. (Str +4, Int/Dex
                  | -1) [potion of mutation]
 10042 | Gauntlet | Gained mutation: You possess an exceptional clarity of
                  | mind. [potion of mutation]
 10042 | Gauntlet | Gained mutation: You are resistant to electric shocks.
                  | (rElec) [potion of mutation]
 10042 | Gauntlet | Gained mutation: You expend magic power (3 MP) to
                  | strengthen your wands. [potion of mutation]
 10073 | Gauntlet | Identified the amulet "Rodd" {Faith rElec rC- rN+++ Int-2}
 10088 | Gauntlet | Reached skill level 12 in Fighting
 10396 | Gauntlet | Noticed a minotaur
 10402 | Gauntlet | Killed a minotaur
 10422 | Gauntlet | Got the Vellum of the Pyromaniac
 10998 | D:10     | Reached XP level 12. HP: 103/103 MP: 19/19
 11011 | D:10     | Reached skill level 13 in Fighting
 11019 | D:10     | Reached skill level 5 in Throwing
 11162 | Temple   | Entered the Ecumenical Temple
 11226 | Temple   | Fell from the grace of Ignis
 11226 | Temple   | Became a worshipper of Cheibriados the Contemplative
 11438 | D:11     | Found a staircase to the Lair.
 11675 | D:11     | Noticed a tengu warrior
 11714 | D:11     | Killed a tengu warrior
 12110 | D:11     | Reached skill level 5 in Dodging
 12640 | D:11     | Noticed a five-headed hydra
 12650 | D:11     | Killed a five-headed hydra
 12726 | D:11     | Noticed an ogre mage
 12727 | D:11     | Noticed a two-headed ogre
 12730 | D:11     | Found a runed translucent gate.
 12730 | D:11     | Found a runed translucent gate.
 12731 | D:11     | Found a runed translucent gate.
 12748 | D:11     | Noticed MisterPants's ghost (journeyman MiFi)
 12979 | D:11     | Noticed a two-headed ogre
 13195 | D:12     | Noticed Snorg
 13209 | D:12     | Killed Snorg
 13225 | D:12     | Reached * piety under Cheibriados
 13226 | D:12     | Reached skill level 1 in Invocations
 13368 | D:12     | Found Qobb's Distillery.
 13411 | D:12     | Noticed a two-headed ogre
 13423 | D:12     | Killed a two-headed ogre
 13424 | D:12     | Reached skill level 5 in Invocations
 13424 | D:12     | Reached XP level 13. HP: 34/111 MP: 19/23
 13939 | D:12     | You are sucked into a shaft and drop 2 floors!
 14069 | D:14     | Noticed a boulder beetle
 14082 | D:14     | Killed a boulder beetle
 14180 | D:14     | HP: 5/106 [+8 long sword (5)]
 14181 | D:14     | You are sucked into a shaft and drop 1 floor!
 14181 | D:15     | Entered Level 15 of the Dungeon
 14636 | D:15     | Reached XP level 14. HP: 109/109 MP: 24/24
 14645 | D:15     | Reached ** piety under Cheibriados
 16031 | D:15     | Found a staircase to the Depths.
 16039 | D:15     | Noticed a stone giant
 16075 | D:15     | Mangled by a stone giant

Illustrated notes

Levels and vault maps discovered:
D:1:      minmay_arrival_split_and_join, layout_loops_cross,
          shapermc_ecumenical_altar_mp_ritualfount
D:2:      layout_loops_ring
D:3:      layout_basic, mainiacjoe_overflow_boulevard
D:4:      layout_basic, dreamdust_gnoll_farm, uniq_eustachio
D:5:      kennysheep_six_static_rooms, layout_loops_ring, nicolae_eternal_life,
          uniq_edmund
D:6:      layout_loops_cross, mainiacjoe_overflow_brackets, serial_shops, shop,
          uniq_grinder
D:7:      layout_cave_pools, minmay_temple_entry_statues_fountains, serial_park,
          serial_park_tiny_2, serial_park_avenue1, serial_park_avenue1,
          serial_park_square3 [serial_park_minivault_5x5_3], minmay_crystal_room
D:8:      layout_rooms, nicolae_overflow_hidden_temple
D:9:      layout_roguey, nzn_hepliaklqana_mist_gate,
          mainiacjoe_overflow_small_starburst
D:10:     layout_big_octagon, minmay_orc_entry_temple_small, uniq_fannar,
          uniq_grum
D:11:     layout_gridville, dpeg_oklobed_lair, gammafunk_ghost_necromancy,
          gauntlet_entry_generic, onia_ninara_dug_in_and_dangerous
D:12:     regret_index_combs_of_tragedy, layout_loops_ring, serial_shops,
          nicolae_shop_statue_plus, uniq_snorg
D:14:     lemuel_castle_with_subvaults [lemuel_castle_interior_carwin_3],
          layout_irregular_city, erik_vaults_1, nicolae_figureground_pulse,
          uniq_lodul
D:15:     grunt_enter_depths_giant_problem, layout_irregular_city,
          hangedman_decor_push
Temple:   cyrus_circular_temple

Skill      XL: |  1  2  3  4  5  6  7  8  9 10 11 12 13 14 |
---------------+-------------------------------------------+-----
Fighting       | 4 5 6 8 11 12 13 | 13.5
Stealth        | 2 4 |  4.9
Dodging        | 3 6 |  6.8
Evocations     | 2 5 7 |  7.0
Shields        | 7 |  7.0
Throwing       | 1 4 6 |  6.0
Armour         | 5 7 8 |  8.0
Spellcasting   | 5 7 8 |  8.3
Fire Magic     | 3 6 7 |  7.0
Invocations    | 5 7 9 |  9.0
Axes           | |  2.0

Action                   |  1- 3 |  4- 6 |  7- 9 | 10-12 | 13-15 || total
-------------------------+-------+-------+-------+-------+-------++-------
Melee: War axe           |    73 |    49 |     5 |       |       ||   127
       Halberd           |       |       |   105 |       |       ||   105
       Broad axe         |       |       |    44 |    80 |     3 ||   127
       Spear             |       |       |    39 |   544 |   237 ||   820
Throw: Javelin           |       |       |       |    28 |     2 ||    30
       Boomerang         |       |       |       |     6 |       ||     6
       Dart              |       |       |       |     6 |     8 ||    14
       Throwing net      |       |       |       |     1 |       ||     1
Invok: Fiery Armour      |       |     1 |     5 |     5 |       ||    11
       Foxfire Swarm     |       |       |     1 |       |       ||     1
       Rising Flame      |       |       |       |     1 |       ||     1
       Bend Time         |       |       |       |       |     4 ||     4
 Abil: Dig               |       |       |       |     1 |     4 ||     5
       Shaft Self        |       |       |       |       |     2 ||     2
Evoke: Wand              |       |       |       |    32 |     1 ||    33
  Use: Scroll            |       |     2 |    15 |    16 |       ||    33
       Potion            |       |     2 |     3 |     8 |     5 ||    18
 Stab: Paralysed         |       |       |       |     8 |       ||     8
       Fleeing           |       |       |       |     1 |       ||     1
Armor: Scale mail        |    34 |    37 |    33 |       |       ||   104
       Plate armour      |       |       |    62 |   363 |   142 ||   567
       Skin              |       |       |    18 |    12 |       ||    30
Dodge: Dodged            |    40 |    47 |    55 |   291 |   137 ||   570
Block: Buckler           |    12 |    16 |     1 |       |       ||    29
       Tower shield      |       |       |   201 |   590 |   235 ||  1026

Table legend: (Time is in decaauts)
 A = Elapsed time spent in this place.
 B = Non-inter-level travel time spent in this place.
 C = Inter-level travel time spent in this place.
 D = Time resting spent in this place.
 E = Time spent auto-exploring this place.
 F = Levels seen in this place.
 G = Mean time per level.
                   A        B        C        D        E       F      G
               +--------+--------+--------+--------+--------+-----+--------+
         Total |  16968 |  16182 |    786 |   1413 |  11423 |  16 | 1060.5 |
       Dungeon |  15687 |  14918 |    769 |   1275 |  10592 |  14 | 1120.5 |
        Temple |     80 |     64 |     16 |      0 |     34 |   1 |   80.0 |
      Gauntlet |   1200 |   1200 |      0 |    138 |    797 |   1 | 1200.0 |
               +--------+--------+--------+--------+--------+-----+--------+

Top non-repeatable levels by time:
    D:15: 2082 daAuts
    D:11: 2015 daAuts
     D:5: 1278 daAuts
     D:6: 1202 daAuts
Gauntlet: 1200 daAuts
    D:10: 1188 daAuts
     D:7: 1186 daAuts
     D:8: 1061 daAuts
     D:9: 1009 daAuts
     D:3: 985 daAuts
     D:4: 956 daAuts
     D:1: 905 daAuts
    D:12: 897 daAuts
     D:2: 657 daAuts
    D:14: 261 daAuts
